 Dungeon Crawl Stone Soup version 0.29-a0-1016-g236c7fd91e (webtiles) character file.

Game seed: 17761807415021310252

2 Manisian the Caller (level 1, -1/10 HPs)
             Began as a Deep Elf Summoner on Aug 9, 2022.
             Slain by a kobold
             ... wielding a +0 whip
              (3 damage)
             ... on level 1 of the Dungeon.
             The game lasted 00:00:36 (327 turns).

Manisian the Caller (Deep Elf Summoner)              Turns: 327, Time: 00:00:36

Health: -1/10      AC:  2    Str:  5    XL:     1   Next: 25%
Magic:  5/6        EV: 12    Int: 19    God:
Gold:   19         SH:  0    Dex: 15    Spells: 5/6 levels left

rFire   . . .      SeeInvis .   (no weapon)
rCold   . . .      Faith    .   (no shield)
rNeg    . . .      Spirit   .   a - +0 robe
rPois   .          Reflect  .   (no helmet)
rElec   .          Harm     .   (no cloak)
rCorr   .          Rampage  .   (no gloves)
Will    .....                   (no boots)
Stlth   ++........              (no amulet)
HPRegen 0.03/turn               (no ring)
MPRegen 0.10/turn               (no ring)

@: no status effects
A: no striking features
a: no special abilities


You were on level 1 of the Dungeon.
You visited 1 branch of the dungeon, and saw 1 of its levels.

You collected 19 gold pieces.

Inventory:

Armour
 a - a +0 robe (worn)
 g - an orb of light
Scrolls
 d - 2 scrolls of noise {unknown}
 e - a scroll of fear {unknown}
 h - a scroll of torment {unknown}
 i - a scroll of blinking {unknown}
 j - a scroll of identify {unknown}
Potions
 b - a potion of magic
 c - a potion of attraction {unknown}
 f - a potion of curing {unknown}


   Skills:
 + Level 2.4 Dodging
 + Level 2.4 Stealth
 + Level 3.0 Spellcasting
 + Level 4.5 Summonings


You had 5 spell levels left.
You knew the following spells:

 Your Spells              Type           Power      Damage    Failure   Level
a - Summon Small Mammal   Summ           76%        N/A       2%          1

Your spell library contained the following spells:

 Spells                   Type           Power      Damage    Failure   Level
 Call Imp                 Summ           19%        N/A       3%          2
 Call Canine Familiar     Summ           19%        N/A       7%          3
 Summon Guardian Golem    Hex/Summ       11%        N/A       19%         3
 Summon Lightning Spire   Summ/Air       11%        N/A       52%         4


Dungeon Overview and Level Annotations

Branches:
Dungeon (1/15)

Altars:


Message History

You see here a +2 helmet.
A goblin and a kobold come into view.
Found a scroll labelled NESOUS UDAGYBA and 25 gold pieces.
The goblin shouts!
The kobold shouts!
A hobgoblin comes into view.
A kobold comes into view. It is wielding a +0 whip.
There are monsters nearby!
The hobgoblin shouts!
You hear an angry hiss.
A ball python comes into view.
The kobold throws a stone.
The stone closely misses your quokka. The stone barely misses you.
You hear an angry hiss.
The kobold hits your quokka with a +0 short sword.
Your quokka barely misses the kobold.
Something bites your quokka but does no damage.
Something grabs your quokka.
Your quokka is constricted.
The kobold hits your quokka with a +0 short sword.
Your quokka dies!
Your quokka's corpse disappears in a puff of smoke!
Your bat hits the kobold but does no damage. x2
The kobold hits your bat with a +0 short sword.
The kobold closely misses your bat.
Your bat misses the kobold.
The ball python closely misses something.
The ball python grabs something.
The ball python constricts something.
You start removing your armour.
You continue taking off your orb of light.
The kobold hits you with a +0 whip.
Keep disrobing?
You continue taking off your orb of light.
The kobold barely misses you.
You continue taking off your orb of light.
The kobold hits you but does no damage.
You continue taking off your orb of light.
The kobold hits you with a +0 whip.
You finish taking off your orb of light.
The kobold attacks as you move away! The kobold hits you with a +0 whip.
* * * LOW HITPOINT WARNING * * *
The kobold attacks as you move away! The kobold hits you with a +0 whip.
You die...

###
###########
..##
#..........
...#
#.########.
#!.# #.#
##.#. #..
#.# ##.#..
#S## #.#
##.###.
#..#### #.#
#.## #.
#..S.#gK@.#
##.####.###.
#$.?. #.##.#
#........#..
#$.. #.##.#
#..#........
.#. #.##.#
#..#.##.....
.. ..##.#
#..#.##.....
. .###.#
#..#.##.....
.. #.#
#..#.#######
.#
#.####[.#.#
#...
#.........#
#.8.


You could see a goblin, a ball python and a kobold.

Vanquished Creatures (collateral kills)
  An endoplasm (D:1)
  A kobold (D:1)
2 creatures vanquished.

Notes
Turn   | Place    | Note
-------+----------+-------------------------------------------
     0 | D:1      | Manisian the Deep Elf Summoner began the quest for the Orb.
     0 | D:1      | Reached XP level 1. HP: 10/10 MP: 6/6
    41 | D:1      | Found a faded altar of an unknown god.
   327 | D:1      | Slain by a kobold

Illustrated notes

Levels and vault maps discovered:
D:1:      minmay_arrival_stair_chambers, layout_loops_ring,
          shapermc_ecumenical_altar_mp_highgroup, minmay_circled_x

Action                   || total
-------------------------++-------
 Cast: Summon Small Mamm ||     6
Armor: Robe              ||     2
Dodge: Dodged            ||     2

Table legend: (Time is in decaauts)
 A = Elapsed time spent in this place.
 B = Non-inter-level travel time spent in this place.
 C = Inter-level travel time spent in this place.
 D = Time resting spent in this place.
 E = Time spent auto-exploring this place.
 F = Levels seen in this place.
 G = Mean time per level.
                   A        B        C        D        E       F      G
               +--------+--------+--------+--------+--------+-----+--------+
         Total |    327 |    327 |      0 |      0 |    271 |   1 |  327.0 |
       Dungeon |    327 |    327 |      0 |      0 |    271 |   1 |  327.0 |
               +--------+--------+--------+--------+--------+-----+--------+

Top non-repeatable levels by time:
     D:1: 327 daAuts
